 Dungeon Crawl Stone Soup version 0.27-a0-1105-g946c659c87 (webtiles) character file.

Game seed: 16941854412427768989

438 Hasart the Slasher (level 6, -3/49 HPs)
             Began as a Demonspawn Fighter on Apr 24, 2021.
             Slain by Duvessa
             ... wielding a +0 short sword
              (6 damage)
             ... on level 4 of the Dungeon on May 1, 2021.
             The game lasted 00:07:46 (4229 turns).

Hasart the Slasher (Demonspawn Fighter)             Turns: 4229, Time: 00:07:46

Health: -3/49      AC:  6    Str: 18    XL:     6   Next: 69%
Magic:  0/6        EV:  7    Int:  9    God:
Gold:   151        SH:  9    Dex: 13    Spells: 5/5 levels left

rFire    . . .     SeeInvis .   a - +0 long sword
rCold    + . .     Faith    .   c - +0 kite shield
rNeg     . . .     Spirit   +   b - +0 scale mail
rPois    .         Reflect  .   (helmet restricted)
rElec    .         Harm     .   (no cloak)
rCorr    .         Rampage  .   (no gloves)
Will     .....                  (no boots)
Stlth    ..........             (no amulet)
HPRegen  0.16/turn              r - ring of protection from cold
MPRegen  0.20/turn              (no ring)

@: no status effects
A: horns 1, ignite blood 1, magic shield, magic regeneration
a: no special abilities


You were on level 4 of the Dungeon.
You visited 1 branch of the dungeon, and saw 4 of its levels.

You collected 151 gold pieces.

Inventory:

Hand Weapons
 a - a +0 long sword (weapon)
Missiles
 l - 3 poisoned darts (quivered)
Armour
 b - a +0 scale mail (worn)
 c - a +0 kite shield (worn)
 e - a +0 helmet
Jewellery
 r - a ring of protection from cold (left hand)
Scrolls
 h - 2 scrolls of identify {unknown}
 i - a scroll of vulnerability {unknown}
 m - 4 scrolls of acquirement {unknown}
 n - a scroll of immolation {unknown}
 o - a scroll of silence {unknown}
 p - a scroll of teleportation {unknown}
 q - a scroll of enchant armour {unknown}
 u - a scroll of fear {unknown}
Potions
 d - a potion of might
 f - 2 potions of cancellation {unknown}
 g - 2 potions of curing {unknown}
 j - 2 potions of heal wounds {unknown}
 k - a potion of lignification {unknown}
 s - a potion of mutation {unknown}
 t - 2 potions of brilliance {unknown}


   Skills:
 + Level 4.5 Fighting
 * Level 4.9 Long Blades
 + Level 3.4 Armour
 + Level 3.4 Shields


You had 5 spell levels left.
You didn't know any spells.
Your spell library contained the following spells:

 Spells                   Type           Power      Damage    Failure   Level
 Animate Skeleton         Necr           0%         N/A       99%         1
 Apportation              Tloc           0%         N/A       99%         1
 Corona                   Hex            0%         N/A       99%         1
 Summon Small Mammal      Summ           0%         N/A       99%         1


Dungeon Overview and Level Annotations

Branches:
Dungeon (4/15)
 Temple: D:4-7

Altars:
Vehumet

Annotations:
D:3 exclusion: statue
D:4 Dowan, Duvessa, Sigmund


Innate Abilities, Weirdness & Mutations

You have a pair of small horns on your head.
Your demonic aura sometimes causes spilled blood to erupt in flames When hurt, damage is shared between your health and your magic reserves.
You regenerate magic rapidly.


Message History

Duvessa hits you with a +0 short sword. You block Duvessa's attack.
Unknown command.
You closely miss Duvessa.
Duvessa is almost dead.
Duvessa says, "Where magic fails, the sword succeeds!"
Duvessa barely misses you.
You riposte.
You hit Duvessa but do no damage.
Duvessa is almost dead.
Duvessa hits you with a +0 short sword!
* * * LOW HITPOINT WARNING * * *
You hit Duvessa.
Duvessa is almost dead.
Duvessa hits you with a +0 short sword.
* * * LOW HITPOINT WARNING * * *
Duvessa hits you with a +0 short sword.
* * * LOW HITPOINT WARNING * * *
Unknown command.
You hit Duvessa but do no damage. You headbutt Duvessa, but do no damage.
Duvessa is almost dead.
You block Duvessa's attack. Duvessa barely misses you.
You riposte.
You barely miss Duvessa. You headbutt Duvessa.
Duvessa is almost dead.
Unknown command.
Throw: 5 darts (poison)
Press: ? - help, Q - select action Shift-Dir - straight line, f/p - Duvessa
Aim: Duvessa, wielding a +0 short sword and wearing a +0 scale mail (almost dead, fast, 67% to hit)
You throw a poisoned dart. The poisoned dart hits Duvessa.
Duvessa is almost dead.
Unknown command.
Throw: 4 darts (poison)
Press: ? - help, Q - select action Shift-Dir - straight line, f - Dowan, p - Duvessa
Aim: Dowan, wielding a +0 dagger and wearing a +0 robe (almost dead, 46% to hit)
You throw a poisoned dart. The poisoned dart hits Duvessa.
Duvessa is poisoned.
Duvessa is almost dead.
Duvessa hits you with a +0 short sword.
* * * LOW HITPOINT WARNING * * *
Unknown command.
You hit Duvessa.
Duvessa is almost dead.
Duvessa hits you with a +0 short sword. x2
You die...

######.##
#e(.(((.#
######e#####.#
#...##@# #####
#...##.# #....
#...##.# #....
#...'..# #>..
+.... #...####
#... #....
#...####
###..# ##.##
#......#
....#.##..#
######.#
#...#.###.#
#.# ...#.# #..


You could see Duvessa (fast, poisoned) and Dowan.

Vanquished Creatures
  Grinder (D:3)
  A phantom (D:4)
  A bullfrog skeleton (D:4)
  3 adders
  4 worms
  A dart slug (D:4)
  An orc (D:4)
  5 bats
  10 endoplasms
  A giant cockroach (D:3)
  2 hobgoblins (D:2)
  8 jackals
  5 quokkas
  9 ball pythons
  3 frilled lizards (D:1)
  13 goblins
  7 kobolds
  5 rats
80 creatures vanquished.

Notes
Turn   | Place    | Note
-------+----------+-------------------------------------------
     0 | D:1      | Hasart the Demonspawn Fighter began the quest for the Orb.
     0 | D:1      | Reached XP level 1. HP: 18/18 MP: 1/1
    26 | D:1      | Found a faded altar of an unknown god.
   111 | D:1      | Gained mutation: You regenerate magic rapidly. [demonic
                  | ancestry]
   111 | D:1      | Reached XP level 2. HP: 15/24 MP: 2/2
   485 | D:1      | Gained mutation: Your demonic aura sometimes causes spilled
                  | blood to erupt in flames [demonic ancestry]
   485 | D:1      | Reached XP level 3. HP: 27/29 MP: 3/3
  1682 | D:2      | Gained mutation: You have a pair of small horns on your
                  | head. [demonic ancestry]
  1682 | D:2      | Reached XP level 4. HP: 29/37 MP: 4/4
  2060 | D:3      | Found a radiant altar of Vehumet.
  2060 | D:3      | Noticed a frost-covered statue
  2885 | D:3      | Noticed Grinder
  2896 | D:3      | Killed Grinder
  2897 | D:3      | Reached XP level 5. HP: 9/43 MP: 5/5
  2897 | D:3      | Gained mutation: When hurt, damage is shared between your
                  | health and your magic reserves. [demonic ancestry]
  2897 | D:3      | Reached XP level 6. HP: 11/49 MP: 6/6
  3482 | D:4      | Identified the +0 robe "Diptej Vadd" {Dex+3}
  3483 | D:4      | Upgraded the game from 0.27-a0-1065-ge809cff456 to
                  | 0.27-a0-1105-g946c659c87
  3614 | D:4      | Noticed Sigmund
  4202 | D:4      | Noticed Duvessa
  4202 | D:4      | Noticed Dowan
  4222 | D:4      | HP: 2/49 [Duvessa/+0 short sword (4)]
  4227 | D:4      | HP: 2/49 [Duvessa/+0 short sword (1)]
  4229 | D:4      | Slain by Duvessa

Illustrated notes

Levels and vault maps discovered:
D:1:      ebering_hopf_link, layout_rooms, ebering_ecumenical_altar_abandoned
D:2:      layout_rooms, minmay_cupped
D:3:      minmay_inner_zag, layout_basic, vehumet_statue, uniq_grinder
D:4:      layout_basic, minmay_misc_feat_tiny, uniq_sigmund, uniq_duvessa

Skill      XL: |  1  2  3  4 |
---------------+-------------+-----
Long Blades    | 2 3 4 |  4.9
Fighting       | 4 |  4.5
Armour         | 3 |  3.4
Shields        | 3 |  3.4

Action                   |  1- 3 |  4- 6 || total
-------------------------+-------+-------++-------
Melee: Long sword        |   147 |    98 ||   245
       Headbutt          |       |    21 ||    21
Throw: Dart              |       |     7 ||     7
  Use: Potion            |       |     1 ||     1
Armor: Scale mail        |    81 |    34 ||   115
Dodge: Dodged            |    46 |    26 ||    72
Block: Kite shield       |    82 |    38 ||   120
       Rpst.: Long sword |    20 |    11 ||    31

Table legend: (Time is in decaauts)
 A = Elapsed time spent in this place.
 B = Non-inter-level travel time spent in this place.
 C = Inter-level travel time spent in this place.
 D = Time resting spent in this place.
 E = Time spent auto-exploring this place.
 F = Levels seen in this place.
 G = Mean time per level.
                   A        B        C        D        E       F      G
               +--------+--------+--------+--------+--------+-----+--------+
         Total |   4347 |   4239 |    108 |    338 |   3237 |   4 | 1086.8 |
       Dungeon |   4347 |   4239 |    108 |    338 |   3237 |   4 | 1086.8 |
               +--------+--------+--------+--------+--------+-----+--------+

Top non-repeatable levels by time:
     D:3: 1561 daAuts
     D:2: 1401 daAuts
     D:1: 710 daAuts
     D:4: 673 daAuts
